 Seeded DCSS version 0.31-a0-460-g9e667d4245 (webtiles) character file.

Game seed: 4974466451597650101 (custom seed)

7 AccursedSamuel the Changeling (level 1, 0/16 HPs)
             Began as a Draconian Shapeshifter on Aug 4, 2023.
             Slain by a gnoll
             ... wielding a +0 club
              (6 damage)
             ... on level 1 of the Dungeon.
             The game lasted 00:00:13 (133 turns).

AccursedSamuel the Changeling (DrSh)                 Turns: 133, Time: 00:00:13

Health: 0/16       AC:  4    Str: 17    XL:     1   Next: 91%
Magic:  1/1        EV: 12    Int:  8    God:
Gold:   0          SH:  0    Dex: 11    Spells: 0/0 levels left

rFire   . .          .
                       - Unarmed
rCold   . . .        (no shield)
rNeg    . . .        (body armour unavailable)
rPois   .            (helmet currently unavailable)
rElec   .            (cloak currently unavailable)
rCorr   .            (gloves currently unavailable)
SInv    .            (boots currently unavailable)
Will    .....        (no amulet)
Stlth   +            (no ring)
HPRegen 0.22/turn    (no ring)
MPRegen 0.07/turn

%: no passive effects
@: beast-form
A: beast (slay +2), AC +4, unfitting armour, cold-blooded
a: Begin Untransformation


You were on level 1 of the Dungeon.
You were a hulking beast.
You visited 1 branch of the dungeon, and saw 1 of its levels.

Inventory:

Talismans
 b - a beast talisman (active)
Potions
 a - a potion of lignification
 c - a potion of might {unknown}


   Skills:
 + Level 1.1 Fighting
 + Level 1.9 Dodging
 + Level 3.1 Unarmed Combat
 + Level 3.2 Shapeshifting


You couldn't memorise any spells.
You didn't know any spells.
Your spell library was empty.

Dungeon Overview and Level Annotations

Branches:
Dungeon (1/15)

Altars:


Innate Abilities, Weirdness & Mutations

You are a hulking beast.
Your limbs bulge with bestial killing power. (Slay +2)
Your plain brown scales are hard. (AC +4)
You cannot fit into any form of body armour.
You are cold-blooded and may be slowed by cold attacks.


Message History

You see here a jackal corpse.
c - a white potion HP restored.
You open the door.
There is an open door here.
As you open the door, it creaks loudly!
There is an open door here.
You open the door.
There is an open door here.
You open the door.
A rat comes into view.
A rat is nearby!
A giant cockroach comes into view.
The rat closely misses you.
There is an open door here.
You completely miss the rat. The rat closely misses you.
You closely miss the rat. The rat closely misses you.
You hit the rat but do no damage. The rat closely misses you.
You hit the rat. You punch the rat.
You kill the rat!
Found a mace.
You see here a rat corpse.
Found a leather armour.
A gnoll comes into view. It is wielding a +0 club.
The giant cockroach bites you. The giant cockroach misses you.
The gnoll hits you with a +0 club. The gnoll completely misses you.
You see here a +0 mace.
You hit the giant cockroach.
The giant cockroach is heavily wounded.
The gnoll closely misses you. The giant cockroach barely misses you.
You closely miss the giant cockroach.
The giant cockroach is heavily wounded.
The giant cockroach bites you. The gnoll misses you.
You hit the giant cockroach.
You kill the giant cockroach!
The gnoll hits you with a +0 club. The gnoll hits you with a +0 club.
You die...

.......#####.#.#####
........#.......##..
................##.# ###
.... #..........#.# .#..
...#..........#.#.#.##
#..##.#.#........#.#.#.#.
#.............###.#.#.#.
#)h.....†'.'.#.#.+.
#g.......###.#.#.#.
#.[.#..###### #.#.#.#.
###....# #.#.#.## ###..#
#.##.#.. #.## #.#.####
### #....... ########


You could see a gnoll.

Vanquished Creatures
  A giant cockroach (D:1)
  4 jackals (D:1)
  A rat (D:1)
6 creatures vanquished.

Notes
Turn   | Place    | Note
-------+----------+-------------------------------------------
     0 | D:1      | AccursedSamuel the Draconian Shapeshifter began the quest
                  | for the Orb.
     0 | D:1      | Reached XP level 1. HP: 16/16 MP: 1/1
   133 | D:1      | Slain by a gnoll

Illustrated notes

Levels and vault maps discovered:
D:1:      matt_arrival_los_fun, layout_rooms, basic_ecumenical_altar

Action                     || total
---------------------------++-------
  Melee: Unarmed           ||    12
         Punch             ||     1
 Armour: Skin              ||    17
  Dodge: Dodged            ||    39

Table legend: (Time is in decaauts)
 A = Elapsed time spent in this place.
 B = Non-inter-level travel time spent in this place.
 C = Inter-level travel time spent in this place.
 D = Time resting spent in this place.
 E = Time spent auto-exploring this place.
 F = Levels seen in this place.
 G = Mean time per level.
                   A        B        C        D        E       F      G
               +--------+--------+--------+--------+--------+-----+--------+
         Total |    132 |    132 |      0 |      0 |     80 |   1 |  132.0 |
       Dungeon |    132 |    132 |      0 |      0 |     80 |   1 |  132.0 |
               +--------+--------+--------+--------+--------+-----+--------+

Top non-repeatable levels by time:
     D:1: 132 daAuts
